 Dungeon Crawl Stone Soup version 0.29-a0-520-gc852659d43 (webtiles) character file.

Game seed: 5268804315836836469

74706 27snakeeyes612 the Severer (level 15, -14/141 HPs)
             Began as a Minotaur Berserker on May 31, 2022.
             Was a High Priest of Trog.
             Killed from afar by a deep elf knight (24 damage)
             ... with a shard of ice
             ... on level 13 of the Dungeon.
             The game lasted 00:23:50 (26089 turns).

27snakeeyes612 the Severer (Minotaur Berserker)    Turns: 26089, Time: 00:23:50

Health: -14/141    AC: 31    Str: 33    XL:     15   Next: 7%
Magic:  14/14      EV: 13    Int:  4    God:    Trog [*****.]
Gold:   1416       SH: 15    Dex: 13    Spells: 14/14 levels left

rFire   . . .      SeeInvis .   G - +5 broad axe (protect)
rCold   . . .      Faith    .   H - +2 kite shield
rNeg    + . .      Spirit   .   Q - +3 plate armour
rPois   .          Reflect  .   d - +2 hat of the Playwright {+Blink Str+5 Dex+2}
rElec   .          Harm     .   u - +1 cloak
rCorr   .          Rampage  .   v - +1 pair of gloves
Will    +++..                   (no boots)
Stlth   ..........              J - amulet of regeneration
HPRegen 2.13/turn               N - +4 ring of protection
MPRegen 0.14/turn               n - ring of positive energy

@: about to teleport, strong-willed, regenerating, slowed, very slow
A: horns 2, retaliatory headbutt
a: Renounce Religion, Evoke Blink, Berserk, Trog's Hand, Brothers in Arms


You were on level 13 of the Dungeon.
You worshipped Trog.
Trog was extremely pleased with you.
You visited 2 branches of the dungeon, and saw 19 of its levels.
You also visited: Volcano.

You collected 1591 gold pieces.
You spent 175 gold pieces at shops.

Inventory:

Hand Weapons
 G - a +5 broad axe of protection (weapon)
 O - a +4 flail of holy wrath
Missiles
 x - 10 throwing nets (quivered)
Armour
 d - the +2 hat of the Playwright (worn) {+Blink Str+5 Dex+2}
   (You acquired it on level 5 of the Dungeon)

   Str:       It affects your strength (+5).
   Dex:       It affects your dexterity (+2).
   +Blink:    It lets you blink.
 u - a +1 cloak (worn)
 v - a +1 pair of gloves (worn)
 H - a +2 kite shield (worn)
 Q - a +3 plate armour (worn)
Jewellery
 a - a ring of see invisible
 g - an amulet of reflection
 n - a ring of positive energy (right hand)
 r - a ring of protection from cold
 s - an amulet of the acrobat
 I - a ring of fire
 J - an amulet of regeneration (around neck)
 N - a +4 ring of protection (left hand)
Wands
 h - a wand of digging (2)
 p - a wand of flame (22)
 w - a wand of polymorph (16)
 y - a wand of paralysis (13)
 z - a wand of charming (9)
 E - a wand of iceblast (17)
Scrolls
 c - 3 scrolls of blinking
 i - 4 scrolls of vulnerability
 j - 9 scrolls of identify
 k - 2 scrolls of summoning
 q - a scroll of fear
 D - 4 scrolls of teleportation
 K - 2 scrolls of enchant armour
 P - a scroll of silence
Potions
 b - a potion of attraction
 e - 2 potions of brilliance
 f - 2 potions of berserk rage
 l - 3 potions of heal wounds
 m - 2 potions of lignification
 o - 4 potions of haste
 t - 2 potions of ambrosia
 A - 5 potions of mutation
 B - 3 potions of might
 C - a potion of invisibility
 F - 9 potions of curing
 L - 4 potions of flight


   Skills:
 + Level 15.0 Fighting
 + Level 15.0 Axes
 + Level 14.7 Armour
 + Level 13.6 Dodging
 + Level 14.4 Shields


You had 14 spell levels left.
You didn't know any spells.
Your spell library was empty.

Dungeon Overview and Level Annotations

Branches:
Dungeon (13/15)            Temple (0/1) D:6            Lair (6/6) D:11
  Swamp (0/4) Lair:2        Snake (0/4) Lair:4        Slime (0/5) Lair:5
    Orc (0/2) D:10        Volcano (visited)
 Vaults: D:13-14

Altars:
Ashenzari
Dithmenos
Gozag
Hepliaklqana
Okawaru
Sif Muna
Xom
Zin
Jiyva

Shops:
D:2 [   D:5 *   D:8 [

Annotations:
D:5 3 runed translucent doors, CInkIbrahim's ghost, novice OpBe
Lair:5 1 runed translucent door


Innate Abilities, Weirdness & Mutations

You have a pair of horns on your head.
You reflexively headbutt those who attack you in melee.


Message History

You hear some strange, mumbled words.
A lance of force appears from out of thin air!
The lance of force hits you.
You are knocked back by the lance of force.
You slam into the metal wall!
* * * LOW HITPOINT WARNING * * *
Your skin crawls.
You feel strong-willed.
The orc knight hits you but does no damage.
You hear some strange, mumbled words.
Something hits you.
The centaur warrior shoots an arrow.
The arrow hits you but does no damage. You block the orc knight's attack.
The kobold demonologist casts a spell.
Something hits you but does no damage.
The centaur warrior shoots an arrow.
The arrow hits you!
* * * LOW HITPOINT WARNING * * *
Something hits you.
* * * LOW HITPOINT WARNING * * *
The centaur warrior shoots an arrow.
Something hits you but does no damage.
The orc knight hits you with a +0 broad axe.
* * * LOW HITPOINT WARNING * * *
As you read the scroll of teleportation, it crumbles to dust.
You feel strangely unstable.
You hear some strange, mumbled words.
A shard of ice appears from out of thin air!
The shard of ice misses you.
The centaur warrior shoots an arrow.
You block the arrow. The red devil barely misses you.
The orc knight hits you with a +0 broad axe!
* * * LOW HITPOINT WARNING * * *
Something hits you but does no damage.
The centaur warrior shoots an arrow.
The arrow hits you!
* * * LOW HITPOINT WARNING * * *
The red devil misses you.
The red devil disappears in a puff of smoke!
The centaur warrior shoots an arrow.
The arrow hits you.
* * * LOW HITPOINT WARNING * * *
You hear some strange, mumbled words.
A shard of ice appears from out of thin air!
The shard of ice hits you!!
You die...

... ..................... ...
..................... ####
#..#########.......... # . #..#
.. #...####### . #..##. # #...#
#.#..#o# .###...# #
##.#..#.##o.#.....### # .........
#.................
#####.#.)#.#####@.#######..(.....
......).)oKK§{...# #........
.......))K55co...# #........
####.#..#.#####..# #........ #
.......... #..#######........
#..##.#..#.##. #.................
#. #.#..#.# .#................. #
. #..##. #..........####### # ..
#..# . ##########.#


You could see an orc knight, a centaur warrior, a kobold demonologist, a kobold
brigand, a crimson imp (summoned), a shadow imp (summoned), an orc and a kobold.

Vanquished Creatures
  Kirke (Lair:6)
  A stone giant (Volcano)
  Josephine (D:13)
  Harold (D:9)
  A boulder beetle (D:12)
  7 hydras
  Erolcha (D:10)
  A catoblepas (Lair:4)
  A centaur warrior (D:13)
  3 two-headed ogres
  16 death yaks
  2 tengu warriors (D:13)
  Urug (D:13)
  Sonja (Lair:6)
  A lindwurm (Lair:4)
  Pikel (D:7)
  A deep elf zephyrmancer (D:13)
  A manticore (D:12)
  20 elephants
  5 black mambas
  A molten gargoyle (Volcano)
  3 gargoyles
  10 cane toads
  Maggie (D:10)
  Psyche (D:10)
  A rime drake (Lair:6)
  12 komodo dragons
  A freezing wraith (D:10)
  An efreet (Volcano)
  2 trolls
  A tyrant leech (Lair:2)
  5 hornets (Lair:6)
  10 polar bears
  A dream sheep (Lair:6)
  13 blink frogs
  13 spriggans (Lair:6)
  Sigmund (D:2)
  4 shadows
  57 yaks
  6 hogs (Lair:6)
  3 wyverns
  5 fire bats
  5 wraiths
  A basilisk (Lair:2)
  Grum (D:9)
  2 humans (D:8)
  A steam dragon (D:7)
  9 vampire mosquitoes
  Edmund (D:6)
  Menkaure (D:7)
  A swamp worm (Lair:2)
  Duvessa (D:7)
  3 acid dragons
  12 water moccasins
  8 orc warriors
  A sky beast (D:7)
  An ice beast (D:5)
  8 black bears
  3 boggarts (Lair:6)
  36 wolves
  6 centaurs
  4 lemures (D:7)
  2 phantoms
  4 kobold brigands
  3 earth elementals (Volcano)
  13 bullfrogs
  A necrophage (D:7)
  4 scorpions (D:5)
  2 gnoll sergeants
  Dowan (D:7)
  12 killer bees
  3 howler monkeys
  2 lava snakes (Volcano)
  2 hounds (D:5)
  5 orc priests
  3 jellies
  Crazy Yiuf (D:2)
  Jessica (D:3)
  3 gnoll shamans
  8 iguanas
  16 hell rats
  10 orc wizards
  19 gnolls
  2 river rats (D:11)
  6 adders
  An ufetubus (D:6)
  2 worms (D:2)
  4 dart slugs
  42 orcs
  5 endoplasms
  A giant cockroach (D:3)
  11 goblins
  2 hobgoblins
  15 jackals
  5 quokkas
  7 ball pythons
  5 bats
  4 frilled lizards
  13 kobolds
  8 rats
572 creatures vanquished.

Vanquished Creatures (others)
  An orc wizard (D:11)
  An orc (D:11)
  37 fungi
  24 plants
63 creatures vanquished.

Grand Total: 635 creatures vanquished

Notes
Turn   | Place    | Note
-------+----------+-------------------------------------------
     0 | D:1      | 27snakeeyes612 the Minotaur Berserker began the quest for
                  | the Orb.
     0 | D:1      | Reached XP level 1. HP: 19/19 MP: 0/0
    54 | D:1      | Reached XP level 2. HP: 23/27 MP: 1/1
   282 | D:1      | Found a faded altar of an unknown god.
   544 | D:2      | Reached XP level 3. HP: 21/33 MP: 2/2
   557 | D:2      | Reached ** piety under Trog
   996 | D:2      | Reached skill level 1 in Shields
  1046 | D:2      | You fall into a shaft and drop 2 floors!
  1461 | D:4      | Reached XP level 4. HP: 40/40 MP: 3/3
  2665 | D:3      | Found a hazy altar of Hepliaklqana.
  2758 | D:3      | Noticed Jessica
  2763 | D:3      | Killed Jessica
  2764 | D:3      | Reached XP level 5. HP: 43/47 MP: 4/4
  3373 | D:2      | Noticed Sigmund
  3406 | D:2      | Killed Sigmund
  3407 | D:2      | Reached skill level 5 in Fighting
  3407 | D:2      | Reached skill level 5 in Axes
  3407 | D:2      | Reached XP level 6. HP: 28/56 MP: 5/5
  3568 | D:2      | Found a runed translucent door.
  3569 | D:2      | Noticed Crazy Yiuf
  3740 | D:2      | Found Zoeffubi's Armour Emporium.
  4065 | D:2      | Killed Crazy Yiuf
  4221 | D:5      | Entered Level 5 of the Dungeon
  4469 | D:5      | Noticed an ice beast
  4481 | D:5      | Killed an ice beast
  4482 | D:5      | Reached XP level 7. HP: 23/61 MP: 6/6
  4726 | D:5      | Reached skill level 5 in Armour
  4979 | D:5      | Found a runed translucent gate.
  4980 | D:5      | Found a runed translucent gate.
  4981 | D:5      | Found a runed translucent gate.
  4982 | D:5      | Noticed CInkIbrahim's ghost (novice OpBe)
  5253 | D:5      | Found Xaan's General Store.
  5259 | D:5      | Reached *** piety under Trog
  5612 | D:5      | Reached skill level 5 in Dodging
  5612 | D:5      | Reached XP level 8. HP: 34/70 MP: 7/7
  6563 | D:5      | Bought a potion of heal wounds for 70 gold pieces
  6563 | D:5      | Bought a scroll of enchant weapon for 105 gold pieces
  6641 | D:5      | Identified a scroll of acquirement
  6645 | D:5      | Acquired the +2 hat of the Playwright {+Blink Str+5 Dex+2}
  6891 | D:6      | Reached skill level 5 in Shields
  6915 | D:6      | Found a staircase to the Ecumenical Temple.
  7384 | D:6      | Noticed Edmund
  7394 | D:6      | Killed Edmund
  7782 | D:7      | Reached XP level 9. HP: 79/79 MP: 8/8
  7860 | D:7      | Noticed Pikel
  7876 | D:7      | Killed Pikel
  8091 | D:7      | Found a broken altar of Ashenzari.
  8114 | D:7      | Found a shimmering altar of Xom.
  8476 | D:7      | Noticed Menkaure
  8484 | D:7      | Killed Menkaure
  8784 | D:7      | Noticed Duvessa
  8784 | D:7      | Noticed Dowan
  8795 | D:7      | Killed Duvessa
  8795 | D:7      | Reached **** piety under Trog
  8797 | D:7      | Killed Dowan
  9537 | D:8      | Noticed a two-headed ogre
  9543 | D:8      | Killed a two-headed ogre
  9678 | D:8      | Reached XP level 10. HP: 90/90 MP: 9/9
  9793 | D:8      | Found Eliakk's Armour Shoppe.
 10158 | D:8      | Found an iron altar of Okawaru.
 10898 | D:9      | Noticed Harold
 10912 | D:9      | Killed Harold
 11066 | D:9      | Found an opulent altar of Gozag.
 11080 | D:9      | Noticed Grum
 11101 | D:9      | Killed Grum
 11906 | D:10     | Entered Level 10 of the Dungeon
 11923 | D:10     | Reached XP level 11. HP: 93/99 MP: 10/10
 11933 | D:10     | Reached skill level 10 in Fighting
 11933 | D:10     | Reached skill level 10 in Axes
 12016 | D:10     | Reached ***** piety under Trog
 12378 | D:10     | Found a glowing silver altar of Zin.
 12407 | D:10     | Found a staircase to the Orcish Mines.
 12510 | D:10     | Noticed Maggie
 12521 | D:10     | Killed Maggie
 12569 | D:10     | Reached skill level 10 in Armour
 12649 | D:10     | Found a shadowy altar of Dithmenos.
 13218 | D:10     | Noticed a death knight
 13219 | D:10     | Noticed Erolcha
 13219 | D:10     | Noticed a skeletal warrior
 13229 | D:10     | Noticed Psyche
 13665 | D:10     | Killed Psyche
 13753 | D:11     | Noticed a four-headed hydra
 13760 | D:11     | Killed a four-headed hydra
 13760 | D:11     | Noticed a death yak
 13761 | D:11     | Reached skill level 10 in Shields
 13825 | D:11     | Noticed a death yak
 13826 | D:11     | Noticed a death yak
 13833 | D:10     | Killed a death yak
 13993 | D:11     | Killed a death yak
 13993 | D:11     | Killed a death yak
 14216 | D:11     | Found a staircase to the Lair.
 14224 | D:11     | Received a gift from Trog
 14312 | D:11     | Noticed a two-headed ogre
 14325 | D:11     | Killed a two-headed ogre
 14346 | D:11     | Reached skill level 10 in Dodging
 14346 | D:11     | Reached XP level 12. HP: 27/110 MP: 11/11
 14358 | D:10     | Killed Erolcha
 14713 | D:11     | Found a shimmering blue altar of Sif Muna.
 14997 | D:12     | Noticed a boulder beetle
 15025 | D:12     | Killed a boulder beetle
 15658 | D:13     | Noticed a tengu warrior
 15704 | Lair:1   | Entered Level 1 of the Lair of Beasts
 16348 | Lair:1   | Noticed a six-headed hydra
 16359 | Lair:1   | Killed a six-headed hydra
 18111 | Lair:2   | Noticed a six-headed hydra
 18540 | Lair:2   | Killed a 12-headed hydra
 18792 | Lair:2   | Reached XP level 13. HP: 119/119 MP: 12/12
 19657 | Lair:2   | Found a staircase to the Swamp.
 20639 | Lair:4   | Found a staircase to the Snake Pit.
 20879 | Lair:4   | Reached ****** piety under Trog
 21178 | Lair:4   | Received a gift from Trog
 22631 | Lair:5   | Reached XP level 14. HP: 122/130 MP: 13/13
 22656 | Lair:5   | Found a runed translucent door.
 22656 | Lair:5   | Found a viscous altar of Jiyva.
 22928 | Lair:5   | Found a staircase to the Slime Pits.
 22991 | Lair:5   | Found a dark tunnel.
 23012 | Volcano  | Entered a volcano
 23272 | Volcano  | Found a burning altar of Makhleb.
 23351 | Volcano  | Noticed a stone giant
 23364 | Volcano  | Killed a stone giant
 23659 | Lair:6   | Entered Level 6 of the Lair of Beasts
 23736 | Lair:6   | Noticed Kirke
 23743 | Lair:6   | Noticed a sphinx
 23761 | Lair:6   | Killed Kirke
 23896 | Lair:6   | Noticed Sonja
 23911 | Lair:6   | Killed Sonja
 24038 | Lair:6   | Received a gift from Trog
 25552 | D:13     | Noticed Josephine
 25570 | D:13     | Killed Josephine
 25647 | D:13     | Received a gift from Trog
 25863 | D:13     | Reached XP level 15. HP: 129/136 MP: 14/14
 25973 | D:13     | Noticed Urug
 25982 | D:13     | Reached skill level 15 in Axes
 25999 | D:13     | Killed Urug
 26078 | D:13     | Reached skill level 15 in Fighting
 26089 | D:13     | Killed from afar by a deep elf knight

Illustrated notes

Levels and vault maps discovered:
D:1:      mainiacjoe_arrival_reflecting_pool, layout_rooms,
          shapermc_ecumenical_altar_starsandcircs
D:2:      minmay_kobold_bridge, layout_loops_ring, serial_shops,
          nicolae_shop_trees, uniq_crazy_yiuf_cottage, uniq_sigmund
D:3:      layout_basic, mainiacjoe_overflow_24_doors, grunt_ministairs_11,
          uniq_jessica
D:4:      layout_gridville, portal_sewer_entry_d
D:5:      layout_basic, gammafunk_ghost_nasty_kobolds,
          nicolae_inconvenience_store
D:6:      layout_gridville, minmay_temple_entry_butterflies, uniq_edmund
D:7:      nicolae_cairo_tiling, layout_layer_cave, lemuel_round_altar,
          old_standard_altar, uniq_menkaure, uniq_duvessa, uniq_pikel
D:8:      layout_cave_pods, okawaru_humans, serial_shops,
          nicolae_shop_statue_plus, minmay_misc_feat_plants,
          kennysheep_generic_room_3
D:9:      layout_irregular_city, mainiacjoe_overflow_brackets, enter_bailey_5,
          uniq_harold, uniq_grum
D:10:     layout_basic, zin_academy, mainiacjoe_overflow_paths,
          hangedman_decor_growths, minmay_fractal_squares_diagonal_5,
          uniq_psyche, uniq_erolcha, uniq_maggie
D:11:     layout_gridville, dpeg_lair_monsters, nicolae_sif_muna_little_library
D:12:     layout_cave_pools, serial_column_ruins, column_ruins_square_medium,
          column_ruins_hut, column_ruins_grid_1, column_ruins_open_tiny,
          column_ruins_columns_straight, column_ruins_open_small,
          column_ruins_grid_1, column_ruins_corridor_corner
D:13:     layout_long_grid, hangedman_vaults_entry_quadrant_bands,
          minmay_tree_intersection, hex_large, uniq_josephine, uniq_urug
Lair:1:   beast_lair_carwin_large_3, layout_long_grid, lemuel_fruit_tree
Lair:2:   layout_regular_city, palyth_hydra_swamp_entry
Lair:3:   layout_roguey, nicolae_quartered_pool_impasse, st_stairs_10
Lair:4:   layout_cave_pods, dummy_snake_entry, grunt_megastairs_1
Lair:5:   layout_roguey, slime_altar_2, nicolae_volcano_entry_batcave,
          hibernation_bobbens
Lair:6:   minmay_lair_end_enchanted_forest, layout_loops_ring, uniq_kirke,
          uniq_sonja

Skill      XL: |  1  2  3  4  5  6  7  8  9 10 11 12 13 14 15 |
---------------+----------------------------------------------+-----
Fighting       | 4 5 6 7 8 9 11 12 13 14 15 | 15.0
Axes           | 4 5 6 7 8 9 11 12 13 14 15 | 15.0
Armour         | 3 4 5 6 8 9 10 12 13 14 | 14.7
Shields        | 1 2 3 4 6 7 9 10 11 13 14 | 14.4
Dodging        | 3 4 5 6 7 8 10 11 12 13 | 13.6

Action                   |  1- 3 |  4- 6 |  7- 9 | 10-12 | 13-15 || total
-------------------------+-------+-------+-------+-------+-------++-------
Melee: Hand axe          |    85 |   113 |   139 |       |       ||   337
       Headbutt          |    10 |    22 |    46 |   124 |   192 ||   394
       Punch             |     2 |       |       |       |       ||     2
       Broad axe         |       |       |    98 |   534 |   764 ||  1396
       Flail             |       |       |       |     3 |    37 ||    40
Invok: Berserk           |     1 |     2 |     3 |     4 |     3 ||    13
       Trog's Hand       |       |     2 |     1 |     3 |     4 ||    10
 Abil: Evoke Blink       |       |       |     1 |       |       ||     1
Evoke: Wand              |       |       |       |    15 |       ||    15
  Use: Potion            |       |     4 |       |     3 |       ||     7
       Scroll            |       |       |    11 |     7 |    17 ||    35
Armor: Animal skin       |    14 |    19 |    23 |       |       ||    56
       Chain mail        |       |       |    56 |       |       ||    56
       Plate armour      |       |       |     8 |   472 |   510 ||   990
       Skin              |       |       |       |    10 |       ||    10
Dodge: Dodged            |    62 |    45 |   137 |   374 |   448 ||  1066
Block: Buckler           |    16 |    31 |    77 |   317 |   379 ||   820
       Kite shield       |       |       |       |       |    50 ||    50

Table legend: (Time is in decaauts)
 A = Elapsed time spent in this place.
 B = Non-inter-level travel time spent in this place.
 C = Inter-level travel time spent in this place.
 D = Time resting spent in this place.
 E = Time spent auto-exploring this place.
 F = Levels seen in this place.
 G = Mean time per level.
                   A        B        C        D        E       F      G
               +--------+--------+--------+--------+--------+-----+--------+
         Total |  26342 |  24514 |   1828 |   2528 |  18110 |  20 | 1317.1 |
       Dungeon |  17459 |  16095 |   1364 |   1560 |  12333 |  13 | 1343.0 |
          Lair |   8321 |   7857 |    464 |    888 |   5559 |   6 | 1386.8 |
       Volcano |    561 |    561 |      0 |     79 |    217 |   1 |  561.0 |
               +--------+--------+--------+--------+--------+-----+--------+

Top non-repeatable levels by time:
     D:5: 2526 daAuts
  Lair:1: 2373 daAuts
    D:10: 2264 daAuts
     D:7: 1884 daAuts
     D:9: 1609 daAuts
     D:2: 1568 daAuts
  Lair:2: 1503 daAuts
  Lair:6: 1441 daAuts
  Lair:4: 1399 daAuts
     D:8: 1385 daAuts
     D:4: 1297 daAuts
     D:6: 1100 daAuts
    D:11: 999 daAuts
     D:3: 875 daAuts
  Lair:5: 829 daAuts
